 Dungeon Crawl Stone Soup version 0.31-a0-1237-gabc64e778c (webtiles) character file.

Game seed: 2369034019651288071

67 senseless the Trooper (level 3, 0/29 HPs)
             Began as a Mummy Fighter on Dec 15, 2023.
             Constricted to death by a ball python (1 damage)
             ... on level 2 of the Dungeon.
             The game lasted 00:01:42 (635 turns).

senseless the Trooper (Mummy Fighter)                Turns: 635, Time: 00:01:43

Health: 0/29       AC:  6    Str: 21    XL:     3   Next: 98%
Magic:  3/3        EV:  6    Int:  7    God:
Gold:   41         SH:  4    Dex: 11    Spells: 2/2 levels left

rFire   x . .        a - +0 flail
rCold   + . .        c - +0 buckler
rNeg    + + +        b - +0 scale mail
rPois   ∞            (no helmet)
rElec   .            (no cloak)
rCorr   .            (no gloves)
SInv    .            (no boots)
Will    .....        (no amulet) Stlth
                     (no ring)
HPRegen 0.24/turn    (no ring)
MPRegen 0.08/turn

%: faith
@: constricted
A: cold resistance 1, negative energy resistance 3, torment resistance 2, heat
vulnerability 1, in touch with death 1, no potions, faith
a: no special abilities


You were on level 2 of the Dungeon.
You visited 1 branch of the dungeon, and saw 2 of its levels.

You collected 41 gold pieces.

Inventory:

Hand Weapons
 a - a +0 flail (weapon)
Missiles
 d - 10 poisoned darts
Armour
 b - a +0 scale mail (worn)
 c - a +0 buckler (worn)
Scrolls
 f - a scroll of teleportation {unknown}
 g - a scroll of revelation {unknown}
 h - a scroll of identify {unknown}


   Skills:
 + Level 3.5 Fighting
 + Level 2.2 Maces & Flails
 + Level 2.9 Armour
 + Level 2.9 Shields


You had 2 spell levels left.
You didn't know any spells.
Your spell library was empty.

Dungeon Overview and Level Annotations

Branches:
Dungeon (2/15)

Altars:


Innate Abilities, Weirdness & Mutations

You are immune to poison.
Your flesh is cold resistant. (rC+)
You are immune to negative energy. (rN+++)
You are immune to unholy pain and torment.
You are vulnerable to heat. (rF-)
You are in touch with the powers of death.
You do not drink.
You have a special connection with the divine. (Faith)


Message History

* * * LOW HITPOINT WARNING * * *
The goblin hits you but does no damage.
You barely miss the goblin. The goblin hits you but does no damage.
You hit the goblin but do no damage. The goblin hits you but does no damage.
You barely miss the goblin. You block the goblin's attack.
You barely miss the goblin. The goblin hits you but does no damage.
The dart slug launches a dart at you.
The slug dart hits you but does no damage.
The goblin hits you but does no damage.
You thump the dart slug!
You kill the dart slug!
The goblin hits you but does no damage.
You closely miss the ball python. The ball python barely misses you. x2
You block the goblin's attack. You block the ball python's attack.
The ball python grabs you. The ball python constricts you.
You barely miss the ball python. The goblin hits you with a +0 dagger.
* * * LOW HITPOINT WARNING * * *
The ball python bites you but does no damage.
The ball python constricts you. The goblin hits you but does no damage.
You closely miss the ball python. The ball python barely misses you.
The ball python constricts you.
The ball python bites you but does no damage.
The ball python constricts you. The goblin closely misses you.
You closely miss the ball python. You block the ball python's attack.
The ball python constricts you.
* * * LOW HITPOINT WARNING * * *
The goblin hits you but does no damage. The ball python barely misses you.
The ball python constricts you.
* * * LOW HITPOINT WARNING * * *
You barely miss the ball python. The goblin hits you with a +0 dagger.
* * * LOW HITPOINT WARNING * * *
The ball python bites you but does no damage.
The ball python constricts you. The goblin hits you but does no damage.
You can't drink.
As you read the scroll labelled GOFUGGY GAYR, it crumbles to dust.
The creatures around you are filled with an inner flame!
It was a scroll of immolation.
The ball python bites you but does no damage.
The ball python constricts you.
You die...

.........# ###
........ ...
....... # ..
##..... ##....
.....
.....##...
###.....S.#
......#.#@#
#..<#g#####
#..).gK...#
#..†.)....#
##........#
............
.........##...
............
...
##.........#.
..


You could see a gnoll (inner flame), a goblin (inner flame), a ball python
(inner flame) and a kobold (inner flame).

Vanquished Creatures
  2 gnolls (D:2)
  An adder (D:2)
  3 dart slugs
  An endoplasm (D:1)
  A giant cockroach (D:1)
  A goblin (D:1)
  6 hobgoblins (D:1)
  4 jackals (D:1)
  3 kobolds (D:1)
  A quokka (D:1)
  A ball python (D:1)
  4 frilled lizards (D:1)
  5 rats (D:1)
33 creatures vanquished.

Notes
Turn   | Place    | Note
-------+----------+-------------------------------------------
     0 | D:1      | senseless the Mummy Fighter began the quest for the Orb.
     0 | D:1      | Reached XP level 1. HP: 18/18 MP: 1/1
    35 | D:1      | Reached XP level 2. HP: 14/24 MP: 2/2
   391 | D:1      | Reached XP level 3. HP: 29/29 MP: 3/3
   634 | D:2      | HP: 1/29 [goblin/+0 dagger (3)]
   635 | D:2      | Constricted to death by a ball python

Illustrated notes

Levels and vault maps discovered:
D:1:      onia_arrival_pyramid, layout_basic, nicolae_titane
D:2:      minmay_angry_zag, layout_basic, serial_forest,
          infiniplex_forest_end_2, infiniplex_forest_clump_tiny,
          infiniplex_forest_straight_2, infiniplex_forest_straight_3,
          infiniplex_forest_end_2, infiniplex_forest_lined_3

Skill      XL: |  1  2 |
---------------+-------+-----
Maces & Flails | 2 |  2.2
Fighting       | |  3.5
Armour         | |  2.9
Shields        | |  2.9

Action                     || total
---------------------------++-------
  Melee: Flail             ||   102
    Use: Scroll            ||     1
 Armour: Scale mail        ||   104
  Dodge: Dodged            ||    52
  Block: Buckler           ||    34

Table legend: (Time is in decaauts)
 A = Elapsed time spent in this place.
 B = Non-inter-level travel time spent in this place.
 C = Inter-level travel time spent in this place.
 D = Time resting spent in this place.
 E = Time spent auto-exploring this place.
 F = Levels seen in this place.
 G = Mean time per level.
                   A        B        C        D        E       F      G
               +--------+--------+--------+--------+--------+-----+--------+
         Total |    669 |    652 |     17 |      0 |    445 |   2 |  334.5 |
       Dungeon |    669 |    652 |     17 |      0 |    445 |   2 |  334.5 |
               +--------+--------+--------+--------+--------+-----+--------+

Top non-repeatable levels by time:
     D:1: 635 daAuts
     D:2: 34 daAuts
